 Dungeon Crawl Stone Soup version 0.28.0-62-gf88900778d (webtiles) character file.

Game seed: 9436862128070450142

806 cbfl8 the Chopper (level 7, -11/60 HPs)
             Began as a Hill Orc Fighter on May 26, 2023.
             Was an Initiate of Beogh.
             Mangled by an ogre
             ... wielding a +0 giant club
              (25 damage)
             ... on level 5 of the Dungeon.
             The game lasted 00:03:11 (4598 turns).

cbfl8 the Chopper (Hill Orc Fighter)                Turns: 4598, Time: 00:03:12

Health: -11/60     AC:  7    Str: 19    XL:     7   Next: 91%
Magic:  7/7        EV:  9    Int:  8    God:    Beogh [......]
Gold:   196        SH:  5    Dex: 12    Spells: 6/6 levels left

rFire   . . .      SeeInvis .   a - +0 war axe
rCold   . . .      Faith    .   c - +0 buckler
rNeg    . . .      Spirit   .   b - +0 scale mail
rPois   .          Reflect  .   (no helmet)
rElec   .          Harm     .   k - scarf {shadows}
rCorr   .          Rampage  .   (no gloves)
Will    .....                   (no boots)
Stlth   ..........              (no amulet)
HPRegen 0.20/turn               (no ring)
MPRegen 0.10/turn               (no ring)

@: no status effects
A: no striking features
a: Renounce Religion


You were on level 5 of the Dungeon.
You worshipped Beogh.
Beogh was noncommittal.
You visited 1 branch of the dungeon, and saw 5 of its levels.

You collected 196 gold pieces.

Inventory:

Hand Weapons
 a - a +0 war axe (weapon)
Armour
 b - a +0 scale mail (worn)
 c - a +0 buckler (worn)
 k - a scarf of shadows (worn)
Wands
 q - a wand of iceblast (9)
 r - a wand of paralysis (5) (quivered)
Scrolls
 f - a scroll of fear {unknown}
 h - 2 scrolls of identify {unknown}
 i - 2 scrolls of fog {unknown}
 j - a scroll of magic mapping {unknown}
 o - a scroll of teleportation {unknown}
 p - 3 scrolls of immolation {unknown}
Potions
 d - a potion of haste {unknown}
 e - a potion of invisibility {unknown}
 g - a potion of heal wounds {unknown}
 l - a potion of brilliance {unknown}
 m - 2 potions of degeneration {unknown}
 n - a potion of mutation {unknown}


   Skills:
 + Level 4.8 Fighting
 + Level 6.7 Axes
 + Level 5.3 Armour
 + Level 1.2 Dodging
 + Level 0.9 Stealth
 + Level 4.3 Shields
 * Level 3.7 Evocations


You had 6 spell levels left.
You didn't know any spells.
Your spell library contained the following spells:

 Spells                   Type           Power      Damage    Failure   Level
 Apportation              Tloc           0%         N/A       85%         1
 Freeze                   Ice            0%         1d3       85%         1
 Frozen Ramparts          Ice            0%         1d2       99%         3
 Hailstorm                Conj/Ice       0%         3d3       100%        4
 Alistair's Intoxication  Tmut/Pois      0%         N/A       100%        5


Dungeon Overview and Level Annotations

Branches:
Dungeon (5/15)             Temple (0/1) D:5

Altars:
Fedhas
Kikubaaqudgha
Okawaru
Qazlal
Sif Muna
Trog
The Shining One


Message History

There are monsters nearby!
You slash the adder!
The adder is severely wounded.
The adder bites you.
You are poisoned.
The adder poisons you! You block the adder's attack.
There are monsters nearby!
You hit the adder but do no damage.
The adder is severely wounded.
You feel sick. The adder bites you but does no damage.
You miss the adder.
The adder is severely wounded.
You feel sick.
The adder bites you but does no damage. x2
You slash the adder!
You kill the adder!
Beogh accepts your kill.
You feel sick.
You feel sick.
You hit the ogre.
The ogre is lightly wounded.
You feel sick.
You are no longer poisoned.
The ogre closely misses you.
You slash the ogre!
The ogre is heavily wounded.
The ogre completely misses you.
You hit the ogre but do no damage.
The ogre is heavily wounded.
The ogre hits you with a +0 giant club!
You slash the ogre!
The ogre is almost dead.
The ogre hits you with a +0 giant club!!
* * * LOW HITPOINT WARNING * * *
You barely miss the ogre.
The ogre is almost dead.
You block the ogre's attack.
You closely miss the ogre.
The ogre is almost dead.
The ogre hits you with a +0 giant club!!
You die...

...)....#.##.#
#.# ####.######
##...##.#.##.#
#.# ##..........
...##.#
#.####...........
#
#.............##.
#.
##.####.####....#
#.## #.# #.#
#####. ... #.#
#.#########
#.###.#
#..........
#.O@..#
########...
#.##### ##.. ...
### ####


You could see an ogre.

Vanquished Creatures
  A wraith (D:5)
  Edmund (D:4)
  A phantom (D:3)
  2 scorpions
  A bullfrog zombie (D:5)
  A jelly (D:5)
  A hound (D:5)
  Natasha (thrice) (D:3)
  Ijyb (D:4)
  A hound skeleton (D:4)
  A hound zombie (D:5)
  5 adders
  An ufetubus (D:5)
  2 dart slugs
  5 orcs (D:5)
  8 endoplasms
  3 giant cockroaches
  7 goblins
  6 hobgoblins
  2 jackals (D:1)
  7 kobolds
  5 quokkas
  7 ball pythons
  4 bats
  2 frilled lizards
  5 rats
83 creatures vanquished.

Notes
Turn   | Place    | Note
-------+----------+-------------------------------------------
     0 | D:1      | cbfl8 the Hill Orc Fighter began the quest for the Orb.
     0 | D:1      | Reached XP level 1. HP: 19/19 MP: 1/1
    97 | D:1      | Reached XP level 2. HP: 27/27 MP: 2/2
   243 | D:1      | Reached skill level 3 in Axes
   243 | D:1      | Reached XP level 3. HP: 25/33 MP: 3/3
   314 | D:1      | Found a faded altar of an unknown god.
  1131 | D:2      | Reached skill level 1 in Evocations
  1364 | D:2      | Found an ancient bone altar of Kikubaaqudgha.
  1462 | D:3      | Reached XP level 4. HP: 33/40 MP: 4/4
  1580 | D:3      | Noticed Natasha
  1589 | D:3      | Killed Natasha
  1699 | D:3      | Found a bloodstained altar of Trog.
  1714 | D:3      | Found a glowing golden altar of the Shining One.
  1771 | D:3      | Reached skill level 4 in Axes
  1930 | D:3      | Noticed a phantom
  1937 | D:3      | Killed a phantom
  1938 | D:3      | Reached XP level 5. HP: 30/46 MP: 5/5
  2247 | D:3      | Noticed Natasha
  2255 | D:3      | Killed Natasha
  2524 | D:3      | Noticed Natasha
  2537 | D:3      | Killed Natasha
  2538 | D:3      | Reached XP level 6. HP: 44/53 MP: 6/6
  2728 | D:4      | Found an iron altar of Okawaru.
  2735 | D:4      | Found a blossoming altar of Fedhas.
  2751 | D:4      | Noticed Ijyb
  2757 | D:4      | Killed Ijyb
  2758 | D:4      | Reached skill level 5 in Axes
  3184 | D:4      | Found a stormy altar of Qazlal.
  3186 | D:4      | Noticed Edmund
  3197 | D:4      | Killed Edmund
  3198 | D:4      | Reached skill level 1 in Dodging
  3198 | D:4      | Reached XP level 7. HP: 9/60 MP: 7/7
  3733 | D:5      | Entered Level 5 of the Dungeon
  3971 | D:5      | Found a staircase to the Ecumenical Temple.
  3984 | D:5      | Noticed a wraith
  4003 | D:5      | Killed a wraith
  4004 | D:5      | Reached skill level 6 in Axes
  4004 | D:5      | Reached skill level 5 in Armour
  4317 | D:5      | Became a worshipper of Beogh the Brigand
  4553 | D:5      | Found a shimmering blue altar of Sif Muna.
  4598 | D:5      | Mangled by an ogre

Illustrated notes

Levels and vault maps discovered:
D:1:      dpeg_arrival_castle, layout_basic, hellmonk_ecumenical_altar_lost_god
D:2:      layout_loops_ring, basic_altar
D:3:      layout_loops_ring, mainiacjoe_overflow_catwalk_spiral, st_stairs_11,
          kennysheep_potato, uniq_natasha
D:4:      layout_basic, nicolae_qazlal_scattered_showers, kennysheep_mini_moat,
          fedhas_altar_1, minmay_misc_feat_plants, uniq_edmund, uniq_ijyb
D:5:      nicolae_cairo_tiling_large, layout_loops_ring, lemuel_blue_sif_altar,
          minmay_temple_entry_stoned_glass

Skill      XL: |  1  2  3  4  5  6  7 |
---------------+----------------------+-----
Fighting       | 4 |  4.8
Axes           | 3 4 5 6 |  6.7
Evocations     | 1 2 3 |  3.7
Armour         | 4 5 |  5.3
Shields        | 4 |  4.3
Dodging        | 1 |  1.2
Stealth        | |  0.9

Action                   |  1- 3 |  4- 6 |  7- 9 || total
-------------------------+-------+-------+-------++-------
Melee: War axe           |    99 |   111 |    82 ||   292
Invok: Convert to Beogh  |       |       |     1 ||     1
Evoke: Wand              |       |       |     3 ||     3
  Use: Potion            |       |     1 |     3 ||     4
 Stab: Paralysed         |       |       |     4 ||     4
Armor: Scale mail        |    44 |    41 |    42 ||   127
Dodge: Dodged            |    54 |    44 |    42 ||   140
Block: Buckler           |    32 |    31 |    23 ||    86
